 Dungeon Crawl Stone Soup version 0.24.0-123-gd5b16e6ec5 (webtiles) character file.

Game seed: 4849850585036841237, levelgen mode: deterministic

468 Delamore the Chopper (level 7, -10/52 HPs)
             Began as a Formicid Fighter on Jan 6, 2020.
             Splashed by Ijyb's acid (17 damage)
             ... on level 4 of the Dungeon.
             The game lasted 00:02:47 (3309 turns).

Delamore the Chopper (Formicid Fighter)             Turns: 3309, Time: 00:02:49

Health: -10/52     AC:  6    Str: 23    XL:     7   Next: 30%
Magic:  7/7        EV:  8    Int:  7    God:
Gold:   154        SH:  9    Dex: 10    Spells: 6/6 levels left

rFire    . . .     SeeInvis +   a - +0 war axe
rCold    . . .     Gourm    .   c - +0 shield
rNeg     . . .     Faith    .   b - +0 scale mail
rPois    .         Spirit   .   (helmet unavailable)
rElec    .         Reflect  .   (no cloak)
rCorr    .         Harm     .   (no gloves)
MR       .....                  (no boots)
Stlth    ..........             (no amulet)
HPRegen  0.17/turn              v - ring of flight
MPRegen  0.10/turn              (no ring)

@: no status effects
A: permanent stasis, dig shafts and tunnels, four strong arms, antennae 3
a: Dig, Shaft Self, Evoke Flight


You were on level 4 of the Dungeon.
You were not hungry.

You visited 1 branch of the dungeon, and saw 4 of its levels.

You collected 154 gold pieces.

Inventory:

Hand Weapons
 a - a +0 war axe (weapon)
Armour
 b - a +0 scale mail (worn)
 c - a +0 shield (worn)
Jewellery
 v - a ring of flight (left hand)
Wands
 m - a wand of acid (3)
Scrolls
 e - 3 scrolls of random uselessness {unknown}
 g - 3 scrolls of enchant armour {unknown}
 k - 3 scrolls of blinking {unknown}
 l - 9 scrolls of identify {unknown}
 n - 2 scrolls of fog {unknown}
 q - 2 scrolls of remove curse {unknown}
 r - a scroll of amnesia {unknown}
 s - 2 scrolls of enchant weapon {unknown}
 t - 2 scrolls of teleportation {unknown}
 w - a scroll of immolation {unknown}
Potions
 d - a potion of might
 h - 2 potions of lignification {unknown}
 i - 5 potions of heal wounds {unknown}
 j - a potion of agility
 o - a potion of magic {unknown}
 p - a potion of invisibility {unknown}
 u - 2 potions of brilliance {unknown}
 x - a potion of curing {unknown}
Comestibles
 f - 3 rations


   Skills:
 - Level 3.2 Fighting
 + Level 7.4 Axes
 - Level 3.2 Armour
 - Level 3.6 Shields


You had 6 spell levels left.
You didn't know any spells.
Your spell library was empty.

Dungeon Overview and Level Annotations

Branches:
Dungeon (4/15)
 Temple: D:4-7

Altars:
Hepliaklqana
Kikubaaqudgha
Wu Jian

Annotations:
D:4 Ijyb


Innate Abilities, Weirdness & Mutations

You cannot be hasted, slowed, berserked, paralysed or teleported.
You can dig through walls and to a lower floor.
Your four strong arms can wield two-handed weapons with a shield.
You have a pair of large antennae on your head. (SInv)


Message History

You are too injured to fight recklessly!
You are too injured to fight recklessly!
You are too injured to fight recklessly!
You are too injured to fight recklessly!
You are too injured to fight recklessly!
You are too injured to fight recklessly!
You hit Ijyb.
Ijyb is moderately wounded.
Ijyb hits you. Ijyb closely misses you.
You hit Ijyb.
Ijyb is moderately wounded.
Ijyb barely misses you.
You closely miss Ijyb.
Ijyb is moderately wounded.
You slash the quokka!
You kill the quokka!
Ijyb zaps a wand.
The bolt of acid hits you!
* * * LOW HITPOINT WARNING * * *
You are splashed with acid!
You die...

#..............##
#................#
#.................
#.......8.........
#................
#....?........#
#.......†...#
#.....@g..#
###.####### #..#
#.## ### ##.## ..#
##...# ..##
##....#
...######..#..##
8.........###..#


You could see Ijyb.

Vanquished Creatures
  A phantom (D:4)
  A scorpion (D:4)
  A howler monkey (D:4)
  Natasha (twice) (D:2)
  An iguana (D:4)
  2 worker ants
  A gnoll (D:1)
  6 adders
  An ooze (D:3)
  A worm (D:2)
  2 dart slugs (D:2)
  5 leopard geckos
  An orc (D:3)
  6 giant cockroaches
  10 goblins
  9 hobgoblins
  11 jackals
  10 kobolds
  2 quokkas
  A ball python skeleton (D:4)
  8 bats
  3 frilled lizards
  A jackal zombie (D:3)
  A leopard gecko skeleton (D:4)
  A quokka skeleton (D:4)
  10 rats
98 creatures vanquished.

Notes
Turn   | Place    | Note
-------+----------+-------------------------------------------
     0 | D:1      | Delamore the Formicid Fighter began the quest for the Orb.
     0 | D:1      | Reached XP level 1. HP: 18/18 MP: 1/1
   246 | D:1      | Reached XP level 2. HP: 18/24 MP: 2/2
   306 | D:1      | Reached skill level 3 in Axes
   616 | D:1      | Reached XP level 3. HP: 29/29 MP: 3/3
  1098 | D:2      | Reached skill level 4 in Axes
  1098 | D:2      | Reached XP level 4. HP: 32/35 MP: 4/4
  1200 | D:2      | Noticed Natasha
  1206 | D:2      | Killed Natasha
  1346 | D:2      | Reached XP level 5. HP: 41/41 MP: 5/5
  1400 | D:2      | Reached skill level 5 in Axes
  1466 | D:2      | Found an ornate altar of the Wu Jian Council.
  1714 | D:2      | Noticed Natasha
  1724 | D:2      | Killed Natasha
  1806 | D:3      | Reached XP level 6. HP: 36/47 MP: 6/6
  2003 | D:3      | Found a hazy altar of Hepliaklqana.
  2048 | D:3      | Reached skill level 6 in Axes
  2740 | D:4      | Found an ancient bone altar of Kikubaaqudgha.
  2980 | D:4      | Noticed a phantom
  3003 | D:4      | Reached XP level 7. HP: 38/52 MP: 7/7
  3010 | D:4      | Reached skill level 7 in Axes
  3303 | D:4      | Noticed Ijyb
  3309 | D:4      | Splashed by Ijyb's acid

Levels and vault maps discovered:
D:1:      dpeg_arrival_pond, layout_loops_ring, grunt_decor_arrowhead
D:2:      layout_loops_ring, lemuel_crystal_altar, first_ration, uniq_natasha
D:3:      layout_loops_ring, lemuel_coloured_pillars_altar
D:4:      layout_cave_pods, serial_column_ruins, column_ruins_temple_circle,
          column_ruins_grid_4, column_ruins_open_large, column_ruins_grid_1,
          column_ruins_columns_straight, column_ruins_open_tiny,
          chequers_serial_rivers_micro_b, kennysheep_generic_room_3, uniq_ijyb

Skill      XL: |  1  2  3  4  5  6  7 |
---------------+----------------------+-----
Axes           | 3 4 5 6 7 |  7.4
Fighting       | |  3.2
Armour         | |  3.2
Shields        | |  3.6

Action                   |  1- 3 |  4- 6 |  7- 9 || total
-------------------------+-------+-------+-------++-------
Melee: War axe           |   105 |   218 |    20 ||   343
  Eat: Chunk             |     1 |     4 |       ||     5
       Ration            |       |     1 |       ||     1
Armor: Scale mail        |    58 |    66 |     5 ||   129
Dodge: Dodged            |    28 |    79 |     5 ||   112
Block: Shield            |    72 |   118 |     6 ||   196
